TOP OF THE 1ST |
---|
Nashua Redlegs batting - Pitching for Beaverton Bronze Souls : LHP Al McGuire | Pitching: LHP Al McGuire | | Batting: RHB Manuel Pérez | 0-0: Fly out, F9 (Flyball, 9S) | Batting: RHB Currito Campos | 0-0: Ball 1-0: Ground out U3 (Groundball, 34D) | Batting: LHB Bob Campbell | 0-0: SINGLE (Line Drive, 56D) | Batting: RHB Eleuterio Supardo | 0-0: Ball 1-0: Ball Bob Campbell steals 2nd base 2-0: Ball 3-0: Base on Balls | Batting: RHB Gerald Miller | 0-0: Called Strike 0-1: Ball 1-1: Foul Ball, location: 2F 1-2: Foul Ball, location: 2F 1-2: DOUBLE (Flyball, 8LXD) Bob Campbell scores Eleuterio Supardo to third Runner from 3rd tries for Home, SAFE, no throw | Batting: RHB Miguel González | 0-0: Called Strike 0-1: Ball 1-1: Fly out, F8 (Line Drive, 8LD) | Top of the 1st over - 2 runs, 2 hits, 0 errors, 1 left on base; Nashua 2 - Beaverton 0 | BOTTOM OF THE 1ST |
---|
Beaverton Bronze Souls batting - Pitching for Nashua Redlegs : RHP Tomás Silva | Pitching: RHP Tomás Silva | | Batting: RHB Pedro Rivera | 0-0: Hit by Pitch | Batting: RHB Nathan Smith | 0-0: Ball Pedro Rivera steals 2nd base 1-0: SINGLE (Flyball, 78M) Pedro Rivera to third Runner from 3rd tries for Home, throw and OUT! | Batting: RHB Chris Hall | 0-0: Ball 1-0: Swinging Strike 1-1: Ball 2-1: DOUBLE (Line Drive, 78XD) Nathan Smith to third Runner from 3rd tries for Home, SAFE, no throw | Batting: RHB Júlio Rodríguez | 0-0: Ball 1-0: Ball 2-0: 2-RUN HOME RUN (Flyball, 78XD), Distance : 409 ft | Batting: RHB Marshall Gross | 0-0: SINGLE (Line Drive, 89S) | Batting: LHB Balduíno Bruschy | 0-0: Fly out, F9 (Flyball, 9S) | Batting: RHB Armando García | 0-0: Called Strike 0-1: Ball 1-1: Ground out 6-3 (Groundball, 6S) | Bottom of the 1st over - 3 runs, 4 hits, 0 errors, 1 left on base; Nashua 2 - Beaverton 3 | TOP OF THE 2ND |
---|
Nashua Redlegs batting - Pitching for Beaverton Bronze Souls : LHP Al McGuire | Batting: RHB David Adams | 0-0: Ball 1-0: Called Strike 1-1: Foul Ball, location: 2F 1-2: Strikes out looking | Batting: RHB Jorge Valenzuela | 0-0: Called Strike 0-1: Fly out, F4 (Line Drive, 4) | Batting: RHB António López | 0-0: Called Strike 0-1: Swinging Strike 0-2: Ball 1-2: Strikes out swinging | Top of the 2nd over - 0 runs, 0 hits, 0 errors, 0 left on base; Nashua 2 - Beaverton 3 | BOTTOM OF THE 2ND |
---|
Beaverton Bronze Souls batting - Pitching for Nashua Redlegs : RHP Tomás Silva | Batting: LHB Gabriel Aguilera | 0-0: Ball 1-0: Ball 2-0: Ground out 4-3 (Groundball, 4) | Batting: RHB David Kerr | 0-0: Ball 1-0: Ball 2-0: Fly out, F9 (Flyball, 89D) | Batting: RHB Pedro Rivera | 0-0: Ball 1-0: Ball 2-0: Ball 3-0: Base on Balls | Batting: RHB Nathan Smith | 0-0: Ball Pedro Rivera is caught stealing 2nd base | Bottom of the 2nd over - 0 runs, 0 hits, 0 errors, 0 left on base; Nashua 2 - Beaverton 3 | TOP OF THE 3RD |
---|
Nashua Redlegs batting - Pitching for Beaverton Bronze Souls : LHP Al McGuire | Batting: RHB Manuel Pérez | 0-0: Ball 1-0: Foul Ball, location: 2F 1-1: Ball 2-1: Called Strike 2-2: Ball 3-2: Foul Ball, location: 2F 3-2: Strikes out swinging | Batting: RHB Currito Campos | 0-0: Called Strike 0-1: Ball 1-1: Called Strike 1-2: Ground out 3-1 (Groundball, 34) | Batting: LHB Bob Campbell | 0-0: Ball 1-0: Called Strike 1-1: Ball 2-1: Foul Ball, location: 2F 2-2: Foul Ball, location: 2F 2-2: Ball 3-2: SINGLE (Groundball, 4MD) | Batting: RHB Eleuterio Supardo | 0-0: Called Strike 0-1: Called Strike 0-2: Foul Ball, location: 2F 0-2: Ball 1-2: Ball 2-2: Ball 3-2: SINGLE (Groundball, 4MD) Bob Campbell to second Bob Campbell to third | Batting: RHB Gerald Miller | 0-0: Called Strike 0-1: Ball 1-1: Ball 2-1: Called Strike 2-2: Strikes out swinging | Top of the 3rd over - 0 runs, 2 hits, 0 errors, 2 left on base; Nashua 2 - Beaverton 3 | BOTTOM OF THE 3RD |
---|
Beaverton Bronze Souls batting - Pitching for Nashua Redlegs : RHP Tomás Silva | Batting: RHB Nathan Smith | 0-0: Called Strike 0-1: Ball 1-1: Ball 2-1: Ground out 6-3 (Groundball, 6) | Batting: RHB Chris Hall | 0-0: Fly out, F7 (Flyball, 7S) | Batting: RHB Júlio Rodríguez | 0-0: Called Strike 0-1: Ball 1-1: Called Strike 1-2: Ball 2-2: Ground out 4-3 (Groundball, 4) | Bottom of the 3rd over - 0 runs, 0 hits, 0 errors, 0 left on base; Nashua 2 - Beaverton 3 | TOP OF THE 4TH |
---|
Nashua Redlegs batting - Pitching for Beaverton Bronze Souls : LHP Al McGuire | Batting: RHB Miguel González | 0-0: Ball 1-0: Ball 2-0: Foul Ball, location: 2F 2-1: Swinging Strike 2-2: Ball 3-2: Ground out 4-3 (Groundball, 4M) | Batting: RHB David Adams | 0-0: Called Strike 0-1: Called Strike 0-2: Ball 1-2: Strikes out swinging | Batting: RHB Jorge Valenzuela | 0-0: Ball 1-0: Ground out 4-3 (Groundball, 4M) | Top of the 4th over - 0 runs, 0 hits, 0 errors, 0 left on base; Nashua 2 - Beaverton 3 | BOTTOM OF THE 4TH |
---|
Beaverton Bronze Souls batting - Pitching for Nashua Redlegs : RHP Tomás Silva | Batting: RHB Marshall Gross | 0-0: Fly out, F3 (Line Drive, 3) | Batting: LHB Balduíno Bruschy | 0-0: Ball 1-0: Ball 2-0: Called Strike 2-1: Ball 3-1: Called Strike 3-2: SINGLE (Groundball, 34D) | Batting: RHB Armando García | 0-0: Ground out 6-3 (Groundball, 6S) Balduíno Bruschy to second | Batting: LHB Gabriel Aguilera | 0-0: Ball 1-0: Foul Ball, location: 2F 1-1: Ball 2-1: Ground out U3 (Groundball, 34) | Bottom of the 4th over - 0 runs, 1 hit, 0 errors, 1 left on base; Nashua 2 - Beaverton 3 | TOP OF THE 5TH |
---|
Nashua Redlegs batting - Pitching for Beaverton Bronze Souls : LHP Al McGuire | Batting: RHB António López | 0-0: Called Strike 0-1: Swinging Strike 0-2: Ball 1-2: Strikes out swinging | Batting: RHB Manuel Pérez | 0-0: Called Strike 0-1: Ball 1-1: Ball 2-1: Foul Ball, location: 2F 2-2: Foul Ball, location: 2F 2-2: Strikes out swinging | Batting: RHB Currito Campos | 0-0: SINGLE (Line Drive, 89M) | Batting: LHB Bob Campbell | 0-0: Called Strike 0-1: Called Strike 0-2: Ball 1-2: Strikes out swinging | Top of the 5th over - 0 runs, 1 hit, 0 errors, 1 left on base; Nashua 2 - Beaverton 3 | BOTTOM OF THE 5TH |
---|
Beaverton Bronze Souls batting - Pitching for Nashua Redlegs : RHP Tomás Silva | Batting: RHB David Kerr | 0-0: Called Strike 0-1: Swinging Strike 0-2: SINGLE (Line Drive, 89S) | Batting: RHB Pedro Rivera | 0-0: Ball 1-0: Foul Ball, location: 2F 1-1: Ball 2-1: Ball 3-1: Grounds into double play, 6-4-3 (Groundball, 6) | Batting: RHB Nathan Smith | 0-0: Fly out, F9 (Flyball, 9) | Bottom of the 5th over - 0 runs, 1 hit, 0 errors, 0 left on base; Nashua 2 - Beaverton 3 | TOP OF THE 6TH |
---|
Nashua Redlegs batting - Pitching for Beaverton Bronze Souls : LHP Al McGuire | Batting: RHB Eleuterio Supardo | 0-0: Ball 1-0: Foul Ball, location: 2F 1-1: Swinging Strike 1-2: Ball 2-2: Ball 3-2: Base on Balls | Batting: RHB Gerald Miller | 0-0: Called Strike 0-1: Ball 1-1: Foul Ball, location: 2F 1-2: Strikes out swinging | Batting: RHB Miguel González | 0-0: Called Strike 0-1: Ball 1-1: SINGLE (Line Drive, 56D) Eleuterio Supardo to second | Batting: RHB David Adams | 0-0: Ball 1-0: Foul Ball, location: 2F 1-1: SINGLE (Line Drive, 7S) Eleuterio Supardo to third Miguel González to second Runner from 3rd tries for Home, SAFE, no throw | Batting: RHB Jorge Valenzuela | 0-0: Called Strike 0-1: Ball 1-1: Fly out, F9 (Flyball, 9D) Runner from 2nd tags up, SAFE at 3rd, no throw | Batting: RHB António López | 0-0: Fly out, F8 (Flyball, 8RD) | Top of the 6th over - 1 run, 2 hits, 0 errors, 2 left on base; Nashua 3 - Beaverton 3 | BOTTOM OF THE 6TH |
---|
Beaverton Bronze Souls batting - Pitching for Nashua Redlegs : RHP Tomás Silva | Batting: RHB Chris Hall | 0-0: Called Strike 0-1: Swinging Strike 0-2: Ball 1-2: Ball 2-2: Ball 3-2: Base on Balls | Batting: RHB Júlio Rodríguez | 0-0: Called Strike 0-1: Called Strike Chris Hall steals 2nd base 0-2: Ball 1-2: Foul Ball, location: 2F 1-2: Foul Ball, location: 2F 1-2: Strikes out swinging | Batting: RHB Marshall Gross | 0-0: Ball Chris Hall is caught stealing 3rd base 1-0: Ball 2-0: Foul Ball, location: 2F 2-1: Ground out 4-3 (Groundball, 4) | Bottom of the 6th over - 0 runs, 0 hits, 0 errors, 0 left on base; Nashua 3 - Beaverton 3 | TOP OF THE 7TH |
---|
Nashua Redlegs batting - Pitching for Beaverton Bronze Souls : LHP Al McGuire | Pitching: RHP Roberto Carbaja | | Batting: RHB Manuel Pérez | 0-0: Ball 1-0: Fly out, F7 (Flyball, 7S) | Batting: RHB Currito Campos | 0-0: Ball 1-0: Called Strike 1-1: Ball 2-1: Foul Ball, location: 2F 2-2: TRIPLE (Flyball, 78XD) | Batting: LHB Bob Campbell | 0-0: Intentional Walk | Batting: RHB Eleuterio Supardo | 0-0: Ball 1-0: Ball 2-0: Foul Ball, location: 2F 2-1: Called Strike 2-2: Foul Ball, location: 2F 2-2: Strikes out swinging | Pinch Hitting: LHB Robby Lawson | 0-0: Called Strike 0-1: Ball 1-1: Ball 2-1: Foul Ball, location: 2F 2-2: Foul Ball, location: 2F 2-2: Foul Ball, location: 2F 2-2: Reached on error, E5 (Groundball, 56) Currito Campos scores Bob Campbell to second | Batting: RHB Miguel González | 0-0: Ball 1-0: Fly out, F9 (Flyball, 89D) | Top of the 7th over - 1 run, 1 hit, 1 error, 2 left on base; Nashua 4 - Beaverton 3 | BOTTOM OF THE 7TH |
---|
Beaverton Bronze Souls batting - Pitching for Nashua Redlegs : RHP Tomás Silva | Now at 3B: José Vélez | | Batting: LHB Balduíno Bruschy | 0-0: Ball 1-0: Ball 2-0: Called Strike 2-1: DOUBLE (Flyball, 8LXD) | Pinch Hitting: LHB Juan Palácios | 0-0: Ball 1-0: Foul Ball, location: 2F 1-1: Ball 2-1: Called Strike 2-2: Ball 3-2: Strikes out looking | Batting: LHB Gabriel Aguilera | 0-0: Called Strike 0-1: Called Strike 0-2: Strikes out swinging | Batting: RHB David Kerr | 0-0: Called Strike 0-1: Foul Ball, location: 2F 0-2: Ball 1-2: Foul Ball, location: 2F 1-2: Ground out 4-3 (Groundball, 34) | Bottom of the 7th over - 0 runs, 1 hit, 0 errors, 1 left on base; Nashua 4 - Beaverton 3 | TOP OF THE 8TH |
---|
Nashua Redlegs batting - Pitching for Beaverton Bronze Souls : RHP Roberto Carbaja | Now at 2B: Rubén Ramírez | | Batting: RHB David Adams | 0-0: Ball 1-0: Ball 2-0: DOUBLE (Flyball, 8LXD) | Pinch Hitting: RHB José Méndez | 0-0: Intentional Walk | Pinch Hitting: RHB Juan Cardoza | 0-0: Called Strike 0-1: Ball 1-1: Called Strike 1-2: Ball 2-2: Fly out, F6 (Line Drive, 56) | Batting: RHB Manuel Pérez | 0-0: Fly out, F8 (Line Drive, 8LXD) Runner from 2nd tags up, SAFE at 3rd, no throw | Batting: RHB Currito Campos | 0-0: Ball 1-0: Ball 2-0: DOUBLE (Flyball, 78D) David Adams scores José Méndez to third | Pitching: LHP Lorenzo Guzmán | | Batting: LHB Bob Campbell | 0-0: Foul Ball, location: 2F 0-1: Ball 1-1: Ball 2-1: Called Strike 2-2: Foul Ball, location: 2F 2-2: Foul Ball, location: 2F 2-2: Strikes out swinging | Top of the 8th over - 1 run, 2 hits, 0 errors, 2 left on base; Nashua 5 - Beaverton 3 | BOTTOM OF THE 8TH |
---|
Beaverton Bronze Souls batting - Pitching for Nashua Redlegs : RHP Tomás Silva | Now at 2B: Juan Cardoza | | Now in CF: Dave Warren | | Now in RF: Kyle Mann | | Batting: RHB Pedro Rivera | 0-0: Ball 1-0: Called Strike 1-1: Ball 2-1: Called Strike 2-2: Strikes out looking | Batting: RHB Nathan Smith | 0-0: Called Strike 0-1: Ball 1-1: Ball 2-1: Ball 3-1: Base on Balls | Batting: RHB Chris Hall | 0-0: Ball 1-0: Called Strike 1-1: Ball 2-1: Fly out, F7 (Flyball, 78S) | Batting: RHB Júlio Rodríguez | 0-0: Foul Ball, location: 2F 0-1: 2-RUN HOME RUN (Flyball, 7LD), Distance : 357 ft | Batting: RHB Marshall Gross | 0-0: Ball 1-0: Ball 2-0: Ground out 6-3 (Groundball, 6M) | Bottom of the 8th over - 2 runs, 1 hit, 0 errors, 0 left on base; Nashua 5 - Beaverton 5 | TOP OF THE 9TH |
---|
Nashua Redlegs batting - Pitching for Beaverton Bronze Souls : LHP Lorenzo Guzmán | Pitching: LHP Gabriel Rodríguez | | Batting: RHB Eleuterio Supardo | 0-0: Ball 1-0: Called Strike 1-1: Ball 2-1: Foul Ball, location: 2F 2-2: Strikes out looking | Pinch Hitting: RHB Katsuhito Ohayashi | 0-0: Called Strike 0-1: Ball 1-1: Ball 2-1: Ball 3-1: Called Strike 3-2: Strikes out looking | Batting: RHB Miguel González | 0-0: Ball 1-0: Foul Ball, location: 2F 1-1: Ball 2-1: Foul Ball, location: 2F 2-2: Ball 3-2: Foul Ball, location: 2F 3-2: Foul Ball, location: 2F 3-2: SINGLE (Line Drive, 34D) | Pinch Hitting: RHB Spencer Pritchett | 0-0: Ball 1-0: Called Strike 1-1: Called Strike 1-2: Ball 2-2: Ground out 5-3 (Groundball, 56S) | Top of the 9th over - 0 runs, 1 hit, 0 errors, 1 left on base; Nashua 5 - Beaverton 5 | BOTTOM OF THE 9TH |
---|
Beaverton Bronze Souls batting - Pitching for Nashua Redlegs : RHP Tomás Silva | Pitching: RHP Juan Sánchez | | Now at C: Carlos Villagrama | | Now at 3B: Spencer Pritchett | | Batting: LHB Balduíno Bruschy | 0-0: Called Strike 0-1: Called Strike 0-2: Strikes out swinging | Pinch Hitting: LHB Rodrigo Pérez | 0-0: Foul Ball, location: 2F 0-1: Ground out 4-3 (Groundball, 4) | Batting: LHB Gabriel Aguilera | 0-0: SINGLE (Line Drive, 7S) | Batting: RHB David Kerr | 0-0: Ball 1-0: Ball 2-0: Fly out, F9 (Flyball, 89S) | Bottom of the 9th over - 0 runs, 1 hit, 0 errors, 1 left on base; Nashua 5 - Beaverton 5 | TOP OF THE 10TH |
---|
Nashua Redlegs batting - Pitching for Beaverton Bronze Souls : LHP Gabriel Rodríguez | Now at 3B: Ed Nygaard | | Batting: RHB Dave Warren | 0-0: Called Strike 0-1: Called Strike 0-2: Strikes out swinging | Batting: RHB Juan Cardoza | 0-0: Ball 1-0: Ground out 1-3 (Groundball, 13S) | Batting: RHB Manuel Pérez | 0-0: Ball 1-0: Called Strike 1-1: Called Strike 1-2: Foul Ball, location: 2F 1-2: Strikes out swinging | Top of the 10th over - 0 runs, 0 hits, 0 errors, 0 left on base; Nashua 5 - Beaverton 5 | BOTTOM OF THE 10TH |
---|
Beaverton Bronze Souls batting - Pitching for Nashua Redlegs : RHP Juan Sánchez | Batting: RHB Pedro Rivera | 0-0: Called Strike 0-1: Called Strike 0-2: Strikes out swinging | Batting: RHB Nathan Smith | 0-0: Called Strike 0-1: SINGLE (Groundball, 56) (infield hit) | Batting: RHB Chris Hall | 0-0: Ball 1-0: Ball 2-0: Foul Ball, location: 2F 2-1: Fly out, F7 (Flyball, 7) | Batting: RHB Júlio Rodríguez | 0-0: Called Strike 0-1: Ball Nathan Smith steals 2nd base 1-1: Called Strike 1-2: Ball 2-2: Ball 3-2: Base on Balls | Batting: RHB Marshall Gross | 0-0: Called Strike 0-1: Swinging Strike 0-2: Strikes out looking | Bottom of the 10th over - 0 runs, 1 hit, 0 errors, 2 left on base; Nashua 5 - Beaverton 5 | TOP OF THE 11TH |
---|
Nashua Redlegs batting - Pitching for Beaverton Bronze Souls : LHP Gabriel Rodríguez | Pitching: RHP Arlen Wright | | Batting: RHB Currito Campos | 0-0: Ball 1-0: Swinging Strike 1-1: SOLO HOME RUN (Flyball, 7LD), Distance : 334 ft | Batting: RHB Kyle Mann | 0-0: Ball 1-0: Ball 2-0: Fly out, F9 (Flyball, 89D) | Batting: RHB Eleuterio Supardo | 0-0: Called Strike 0-1: Called Strike 0-2: Ball 1-2: Strikes out swinging | Batting: RHB Carlos Villagrama | 0-0: Ball 1-0: Ground out 5-3 (Groundball, 56S) | Top of the 11th over - 1 run, 1 hit, 0 errors, 0 left on base; Nashua 6 - Beaverton 5 | BOTTOM OF THE 11TH |
---|
Beaverton Bronze Souls batting - Pitching for Nashua Redlegs : RHP Juan Sánchez | Pitching: RHP Samuel Farrell | | Now at SS: William Rogers | | Batting: LHB Balduíno Bruschy | 0-0: Fly out, F7 (Flyball, 78XD) | Pinch Hitting: RHB Cameron Irwin | 0-0: Called Strike 0-1: Called Strike 0-2: Strikes out swinging | Batting: LHB Gabriel Aguilera | 0-0: Hit by Pitch | Batting: RHB David Kerr | 0-0: Foul Ball, location: 2F 0-1: Ball 1-1: Swinging Strike 1-2: SINGLE (Groundball, 6MD) Gabriel Aguilera to second Runner from 2nd tries for 3rd, SAFE, no throw | Batting: RHB Pedro Rivera | 0-0: Ball 1-0: Ball 2-0: Called Strike 2-1: Called Strike 2-2: Ball 3-2: Fly out, F7 (Flyball, 7) | Bottom of the 11th over - 0 runs, 1 hit, 0 errors, 2 left on base; Nashua 6 - Beaverton 5 | |